 Dungeon Crawl Stone Soup version 0.30-a0-883-g5ad918d77d (webtiles) character file.

Game seed: 1923828073889937828

105 barkas the Covert (level 4, -6/44 HPs)
             Began as a Naga Delver on Mar 17, 2023.
             Mangled by a gnoll
             ... wielding a +0 hand axe
              (7 damage)
             ... on level 3 of the Dungeon.
             The game lasted 00:05:51 (2039 turns).

barkas the Covert (Naga Delver)                     Turns: 2039, Time: 00:05:52

Health: -6/44      AC:  2    Str: 17    XL:     4   Next: 81%
Magic:  4/4        EV:  9    Int: 10    God:
Gold:   147        SH:  0    Dex: 12    Spells: 3/3 levels left

rFire   . . .      SeeInvis +    a - +0 hand axe
rCold   . . .      Faith    .    (no shield)
rNeg    . . .      Spirit   .    b - +0 leather armour
rPois   +          Reflect  .    (no helmet)
rElec   .          Rampage  .    (no cloak)
rCorr   .                        (no gloves)
Will    .....                    (no barding)
Stlth   +++                      (no amulet)
HPRegen 0.27/turn                (no ring)
MPRegen 0.09/turn                (no ring)

@: short of breath, hasted, quick
A: AC +1, large, see invisible, deformed body, poison resistance, slowness 2,
spit poison 1, naga tail 1
a: Spit Poison


You were on level 3 of the Dungeon.
You visited 1 branch of the dungeon, and saw 5 of its levels.

You collected 147 gold pieces.

Inventory:

Hand Weapons
 a - a +0 hand axe (weapon)
 i - a +0 long sword of draining
Missiles
 h - 2 throwing nets
 n - 2 poisoned darts
Armour
 b - a +0 leather armour (worn)
Jewellery
 m - an amulet of faith
Wands
 g - a wand of digging (3)
 k - a wand of paralysis (4)
Scrolls
 c - 3 scrolls of fog
 d - 2 scrolls of magic mapping
 e - 2 scrolls of fear
 j - 2 scrolls of teleportation {unknown}
Potions
 l - a potion of mutation {unknown}
 o - a potion of degeneration {unknown}
 p - a potion of curing {unknown}


   Skills:
 + Level 3.6 Fighting
 * Level 3.6 Axes
 - Level 1.5 Dodging
 + Level 8.1 Stealth


You had 3 spell levels left.
You didn't know any spells.
Your spell library contained the following spells:

 Spells                   Type           Power      Damage    Failure   Level
 Summon Small Mammal      Summ           0%         N/A       43%         1
 Sublimation of Blood     Necr           0%         N/A       56%         2
 Call Canine Familiar     Summ           0%         N/A       80%         3
 Portal Projectile        Hex/Tloc       0%         N/A       80%         3
 Summon Guardian Golem    Hex/Summ       0%         N/A       80%         3
 Leda's Liquefaction      Hex/Erth       0%         N/A       99%         4
 Petrify                  Tmut/Erth      0%         N/A       99%         4
 Irradiate                Conj/Tmut      0%         3d11      100%        5


Dungeon Overview and Level Annotations

Branches:
Dungeon (5/15)
 Temple: D:4-7

Altars:

Shops:
D:5 (

Annotations:
D:3 exclusion: door
D:5 exclusions: sleepcap and ufetubus


Innate Abilities, Weirdness & Mutations

Your serpentine skin is tough. (AC +1)
You have supernaturally acute eyesight. (SInv)
Armour fits poorly on your strangely shaped body.
Your system is resistant to poisons. (rPois)
You cover ground very slowly.
You can spit poison.
You have a snake-like lower body.


Message History

Found a +0 spear.
Aiming: Spit Poison (1% risk of failure)
Press: ? - help, Shift-Dir - straight line, f - gnoll
Aim: a gnoll, wielding a +0 halberd (wandering, hasn't noticed you, 65% to hit)
The splash of poison hits the gnoll.
The gnoll is lightly wounded.
The gnoll shouts! x2
You have got your breath back.
Aiming: Spit Poison (1% risk of failure)
Press: ? - help, Shift-Dir - straight line, f - gnoll, p - gnoll
Aim: a gnoll, wielding a +0 hand axe (65% to hit)
The splash of poison hits the gnoll!
The gnoll is poisoned.
The gnoll is severely wounded.
The gnoll hits you from afar with a +0 halberd!
Okay, then.
The gnoll hits you from afar with a +0 halberd!
You have got your breath back.
Aiming: Spit Poison (1% risk of failure)
Press: ? - help, Shift-Dir - straight line, p - gnoll The splash of poison hits the gnoll but does no damage.
The gnoll is almost dead.
The gnoll hits you from afar with a +0 halberd.
Okay, then.
You kill the gnoll!
You barely miss the gnoll. The gnoll closely misses you.
You hit the gnoll.
The gnoll is heavily wounded.
You have got your breath back.
The gnoll hits you with a +0 hand axe!
* * * LOW HITPOINT WARNING * * *
The gnoll barely misses you.
Aiming: Spit Poison (1% risk of failure)
Press: ? - help, Shift-Dir - straight line, f - gnoll
Aim: a gnoll, wielding a +0 club (65% to hit)
The splash of poison misses the gnoll.
The splash of poison hits the gnoll but does no damage.
The gnoll is poisoned.
The gnoll hits you with a +0 hand axe.
* * * LOW HITPOINT WARNING * * *
You feel yourself speed up. The gnoll hits you with a +0 hand axe!
You die...

........##g[ ..........g.
....... #.. ######.......
#.. ##...#.......# #..
##.........#)## #.#
#....g.......# # ##
#...g.......... ...
#..@..........# ##. ...#
##...........## #..
....#####...#...#.###.##.#
........##...##..........
......#....##....####...)
#####....................
##.####.........#....
#######...######..........
#.......#..#......##......


You could see 2 gnolls.

Vanquished Creatures
  4 gnolls
  2 adders
  2 worms
  A dart slug (D:3)
  3 ball pythons
  2 endoplasms
  3 giant cockroaches (D:2)
  3 goblins
  9 hobgoblins
  4 kobolds
  A quokka (D:3)
  A bat (D:1)
  A frilled lizard (D:3)
  4 rats
40 creatures vanquished.

Notes
Turn   | Place    | Note
-------+----------+-------------------------------------------
     0 | D:5      | barkas the Naga Delver began the quest for the Orb.
     0 | D:5      | Reached XP level 1. HP: 21/21 MP: 1/1
   111 | D:5      | Noticed a sleepcap
   170 | D:5      | Found Reroheux's Antique Weapon Shoppe.
   284 | D:4      | Reached XP level 2. HP: 19/28 MP: 2/2
   390 | D:2      | Reached XP level 3. HP: 34/34 MP: 3/3
   549 | D:2      | Reached XP level 4. HP: 42/42 MP: 4/4
  1700 | D:3      | Identified the +0 robe "Gajap" {Fly rPois Will- Str+3}
  1839 | D:3      | Noticed an ogre
  1936 | D:3      | Reached skill level 8 in Stealth
  2038 | D:3      | HP: 1/44 [gnoll/+0 hand axe (4)]
  2039 | D:3      | Mangled by a gnoll

Illustrated notes

Levels and vault maps discovered:
D:1:      lightli_arrival_maybe_door_vault, layout_loops_ring, serial_rivers,
          chequers_serial_rivers_micro_d, chequers_serial_rivers_marsh,
          chequers_serial_rivers_room_b, chequers_serial_rivers_large_b
D:2:      layout_loops_ring
D:3:      layout_rooms, dreamdust_ecumenical_altar_sealed_demon,
          minmay_ogre_servants
D:4:      layout_cave_pods
D:5:      layout_basic, minmay_temple_entry_junction, nicolae_stop_n_shop_1,
          glass_columns_c, guppyfry_early_orc_mine, uniq_ijyb

Skill      XL: |  1  2  3  4 |
---------------+-------------+-----
Axes           | 3 |  3.6
Stealth        | 8 |  8.1
Fighting       | |  3.6
Dodging        | |  1.5

Action                     |  1- 3 |  4- 6 || total
---------------------------+-------+-------++-------
  Melee: Hand axe          |    14 |    46 ||    60
         Punch             |     1 |       ||     1
Ability: Spit Poison       |    27 |    30 ||    57
  Evoke: Wand              |       |     1 ||     1
    Use: Potion            |       |     1 ||     1
   Stab: Sleeping          |       |     1 ||     1
 Armour: Leather armour    |     2 |     8 ||    10
  Dodge: Dodged            |    15 |    28 ||    43

Table legend: (Time is in decaauts)
 A = Elapsed time spent in this place.
 B = Non-inter-level travel time spent in this place.
 C = Inter-level travel time spent in this place.
 D = Time resting spent in this place.
 E = Time spent auto-exploring this place.
 F = Levels seen in this place.
 G = Mean time per level.
                   A        B        C        D        E       F      G
               +--------+--------+--------+--------+--------+-----+--------+
         Total |   2693 |   2595 |     98 |    164 |   1485 |   5 |  538.6 |
       Dungeon |   2693 |   2595 |     98 |    164 |   1485 |   5 |  538.6 |
               +--------+--------+--------+--------+--------+-----+--------+

Top non-repeatable levels by time:
     D:2: 850 daAuts
     D:1: 831 daAuts
     D:3: 535 daAuts
     D:5: 249 daAuts
     D:4: 226 daAuts
